TOP OF THE 1ST |
Detroit Dirty Snow batting - Pitching for Athens Assassins : RHP Júlio Lucchi
|
Pitching: RHP Júlio Lucchi
|
|
Batting: RHB Phil Wright
|
0-0: Fly out, F4 (Line Drive, 4M)
|
Batting: RHB Cristo Souza
|
0-0: Called Strike 0-1: Ball 1-1: Foul Ball, location: 2F 1-2: Foul Ball, location: 2F 1-2: Strikes out swinging
|
Batting: LHB Eric Powell
|
0-0: Called Strike 0-1: Foul Ball, location: 2F 0-2: Ball 1-2: Ball 2-2: Strikes out swinging
|
Top of the 1st over - 0 run(s), 0 hit(s), 0 error(s), 0 left on base; Detroit 0 - Athens 0 |
BOTTOM OF THE 1ST |
Athens Assassins batting - Pitching for Detroit Dirty Snow : RHP Hayden Collins
|
Pitching: RHP Hayden Collins
|
|
Batting: RHB Randall Walker
|
0-0: Ball 1-0: Called Strike 1-1: Ball 2-1: Ball 3-1: Base on Balls
|
Batting: LHB Milo Glenn
|
0-0: Ball Randall Walker is caught stealing 2nd base 1-0: Ball 2-0: Foul Ball, location: 2F 2-1: Fly out, F5 (Popup, 5S)
|
Batting: RHB Roderick Silva
|
0-0: Called Strike 0-1: Called Strike 0-2: Strikes out looking
|
Bottom of the 1st over - 0 run(s), 0 hit(s), 0 error(s), 0 left on base; Detroit 0 - Athens 0 |
TOP OF THE 2ND |
Detroit Dirty Snow batting - Pitching for Athens Assassins : RHP Júlio Lucchi
|
Batting: RHB Carlos Rocha
|
0-0: Ball 1-0: Called Strike 1-1: Swinging Strike 1-2: Foul Ball, location: 2F 1-2: Strikes out swinging
|
Batting: RHB Arturo Jiménez
|
0-0: Ball 1-0: Swinging Strike 1-1: Called Strike 1-2: Foul Ball, location: 2F 1-2: Foul Ball, location: 2F 1-2: Strikes out swinging
|
Batting: RHB Charlie O'Farrell
|
0-0: Called Strike 0-1: Ball 1-1: Foul Ball, location: 2F 1-2: Ball 2-2: Strikes out swinging
|
Top of the 2nd over - 0 run(s), 0 hit(s), 0 error(s), 0 left on base; Detroit 0 - Athens 0 |
BOTTOM OF THE 2ND |
Athens Assassins batting - Pitching for Detroit Dirty Snow : RHP Hayden Collins
|
Batting: RHB Foster Hapgood
|
0-0: Ball 1-0: Called Strike 1-1: Called Strike 1-2: Foul Ball, location: 2F 1-2: Ball 2-2: Ball 3-2: SINGLE (Groundball, 4MD)
|
Batting: RHB Bernardo Corona
|
0-0: Called Strike 0-1: Grounds into double play, 5-4-3 (Groundball, 56)
|
Batting: RHB Emílio García
|
0-0: Called Strike 0-1: Called Strike 0-2: Ball 1-2: Foul Ball, location: 2F 1-2: Ball 2-2: Ball 3-2: SINGLE (Flyball, 8LS)
|
Batting: SHB David Boyle
|
0-0: Ball 1-0: Called Strike 1-1: Foul Ball, location: 2F 1-2: Ball 2-2: Ball 3-2: Strikes out swinging
|
Bottom of the 2nd over - 0 run(s), 2 hit(s), 0 error(s), 1 left on base; Detroit 0 - Athens 0 |
TOP OF THE 3RD |
Detroit Dirty Snow batting - Pitching for Athens Assassins : RHP Júlio Lucchi
|
Batting: SHB Alan Garland
|
0-0: Ball 1-0: Called Strike 1-1: Fly out, F8 (Flyball, 8RM)
|
Batting: SHB Cristián López
|
0-0: Ball 1-0: Called Strike 1-1: Ball 2-1: Swinging Strike 2-2: Strikes out swinging
|
Batting: RHB Carlos Salas
|
0-0: Reached on error, E5 (Groundball, 5)
|
Batting: RHB Phil Wright
|
0-0: Ball Wild Pitch! Carlos Salas to second 1-0: Called Strike 1-1: Ground out 6-3 (Groundball, 6S)
|
Top of the 3rd over - 0 run(s), 0 hit(s), 1 error(s), 1 left on base; Detroit 0 - Athens 0 |
BOTTOM OF THE 3RD |
Athens Assassins batting - Pitching for Detroit Dirty Snow : RHP Hayden Collins
|
Batting: RHB Jorge Loanos
|
0-0: Ball 1-0: SINGLE (Groundball, 56D)
|
Batting: RHB James Anderson
|
0-0: Ball 1-0: Ball 2-0: Called Strike 2-1: Grounds into double play, 4-6-3 (Groundball, 4)
|
Batting: RHB Randall Walker
|
0-0: Foul Ball, location: 2F 0-1: Ball 1-1: Swinging Strike 1-2: Strikes out swinging
|
Bottom of the 3rd over - 0 run(s), 1 hit(s), 0 error(s), 0 left on base; Detroit 0 - Athens 0 |
TOP OF THE 4TH |
Detroit Dirty Snow batting - Pitching for Athens Assassins : RHP Júlio Lucchi
|
Batting: RHB Cristo Souza
|
0-0: Ground out 5-3 (Groundball, 56S)
|
Batting: LHB Eric Powell
|
0-0: Called Strike 0-1: Foul Ball, location: 2F 0-2: Ball 1-2: Ball 2-2: Foul Ball, location: 2F 2-2: Foul Ball, location: 2F 2-2: Ball 3-2: Foul Ball, location: 2F 3-2: SINGLE (Groundball, 34D)
|
Batting: RHB Carlos Rocha
|
0-0: Called Strike Eric Powell is caught stealing 2nd base 0-1: Swinging Strike 0-2: Foul Ball, location: 2F 0-2: Foul Ball, location: 2F 0-2: Ball 1-2: Ball 2-2: Foul Ball, location: 2F 2-2: Ground out U3 (Groundball, 34)
|
Top of the 4th over - 0 run(s), 1 hit(s), 0 error(s), 0 left on base; Detroit 0 - Athens 0 |
BOTTOM OF THE 4TH |
Athens Assassins batting - Pitching for Detroit Dirty Snow : RHP Hayden Collins
|
Batting: LHB Milo Glenn
|
0-0: Ball 1-0: Ball 2-0: Foul Ball, location: 2F 2-1: Swinging Strike 2-2: Ball 3-2: Strikes out swinging
|
Batting: RHB Roderick Silva
|
0-0: Ball 1-0: Called Strike 1-1: Ball 2-1: Fly out, F8 (Flyball, 89D)
|
Batting: RHB Foster Hapgood
|
0-0: Swinging Strike 0-1: Called Strike 0-2: Foul Ball, location: 2F 0-2: Ball 1-2: Ball 2-2: Strikes out swinging
|
Bottom of the 4th over - 0 run(s), 0 hit(s), 0 error(s), 0 left on base; Detroit 0 - Athens 0 |
TOP OF THE 5TH |
Detroit Dirty Snow batting - Pitching for Athens Assassins : RHP Júlio Lucchi
|
Batting: RHB Arturo Jiménez
|
0-0: Ball 1-0: Ball 2-0: Foul Ball, location: 2F 2-1: Ground out 6-3 (Groundball, 6)
|
Batting: RHB Charlie O'Farrell
|
0-0: Ball 1-0: Ball 2-0: Fly out, F8 (Flyball, 8RS)
|
Batting: SHB Alan Garland
|
0-0: Ball 1-0: Called Strike 1-1: Ball 2-1: Fly out, F7 (Flyball, 7)
|
Top of the 5th over - 0 run(s), 0 hit(s), 0 error(s), 0 left on base; Detroit 0 - Athens 0 |
BOTTOM OF THE 5TH |
Athens Assassins batting - Pitching for Detroit Dirty Snow : RHP Hayden Collins
|
Batting: RHB Bernardo Corona
|
0-0: Foul Ball, location: 2F 0-1: Swinging Strike 0-2: Fly out, F2 (Popup, 15S)
|
Batting: RHB Emílio García
|
0-0: Ball 1-0: SINGLE (Flyball, 9LS)
|
Batting: SHB David Boyle
|
0-0: Ball 1-0: Ball 2-0: Ball 3-0: Called Strike 3-1: Foul Ball, location: 2F 3-2: SINGLE (Groundball, 6MD) Emílio García to second
|
Batting: RHB Jorge Loanos
|
0-0: Ball 1-0: Swinging Strike 1-1: Foul Ball, location: 2F 1-2: Foul Ball, location: 2F 1-2: Ball 2-2: Ball 3-2: Foul Ball, location: 2F 3-2: Fly out, F7 (Flyball, 7LS)
|
Batting: RHB James Anderson
|
0-0: Ball 1-0: Ball 2-0: Ball 3-0: Foul Ball, location: 2F 3-1: Base on Balls Emílio García to third David Boyle to second
|
Batting: RHB Randall Walker
|
0-0: Called Strike 0-1: Fly out, F7 (Flyball, 78S)
|
Bottom of the 5th over - 0 run(s), 2 hit(s), 0 error(s), 3 left on base; Detroit 0 - Athens 0 |
TOP OF THE 6TH |
Detroit Dirty Snow batting - Pitching for Athens Assassins : RHP Júlio Lucchi
|
Batting: SHB Cristián López
|
0-0: Ball 1-0: Foul Ball, location: 2F 1-1: Swinging Strike 1-2: Ball 2-2: Ball 3-2: Foul Ball, location: 2F 3-2: Foul Ball, location: 2F 3-2: Foul Ball, location: 2F 3-2: Base on Balls
|
Batting: RHB Carlos Salas
|
0-0: Called Strike 0-1: Ball 1-1: Ball 2-1: Called Strike 2-2: Strikes out swinging
|
Batting: RHB Phil Wright
|
0-0: Called Strike 0-1: Ball 1-1: DOUBLE (Groundball, 5L) Cristián López to third
|
Pitching: LHP António Yan
|
|
Batting: RHB Cristo Souza
|
0-0: Ball 1-0: Foul Ball, location: 2F 1-1: Foul Ball, location: 2F 1-2: Ball 2-2: Strikes out swinging
|
Batting: LHB Eric Powell
|
0-0: Ball 1-0: Called Strike 1-1: Foul Ball, location: 2F 1-2: Ball 2-2: Ball 3-2: Ground out 4-3 (Groundball, 4)
|
Top of the 6th over - 0 run(s), 1 hit(s), 0 error(s), 2 left on base; Detroit 0 - Athens 0 |
BOTTOM OF THE 6TH |
Athens Assassins batting - Pitching for Detroit Dirty Snow : RHP Hayden Collins
|
Pitching: LHP Marcos Ortíz
|
|
Batting: LHB Milo Glenn
|
0-0: Called Strike 0-1: Foul Ball, location: 2F 0-2: Ball 1-2: Strikes out swinging
|
Batting: RHB Roderick Silva
|
0-0: Ball 1-0: SOLO HOME RUN (Flyball, 9D), Distance : 373 ft
|
Batting: RHB Foster Hapgood
|
0-0: Ball 1-0: SOLO HOME RUN (Flyball, 7LD), Distance : 350 ft
|
Batting: RHB Bernardo Corona
|
0-0: Ball 1-0: Called Strike 1-1: Ball 2-1: Fly out, F8 (Flyball, 8RM)
|
Batting: RHB Emílio García
|
0-0: Swinging Strike 0-1: Foul Ball, location: 2F 0-2: Foul Ball, location: 2F 0-2: Hit by Pitch
|
Batting: SHB David Boyle
|
0-0: Called Strike 0-1: Ball 1-1: Foul Ball, location: 2F 1-2: Strikes out looking
|
Bottom of the 6th over - 2 run(s), 2 hit(s), 0 error(s), 1 left on base; Detroit 0 - Athens 2 |
TOP OF THE 7TH |
Detroit Dirty Snow batting - Pitching for Athens Assassins : LHP António Yan
|
Batting: RHB Carlos Rocha
|
0-0: Called Strike 0-1: Swinging Strike 0-2: Ball 1-2: Fly out, F8 (Flyball, 8RM)
|
Batting: RHB Arturo Jiménez
|
0-0: Ball 1-0: Called Strike 1-1: Ball 2-1: Ball 3-1: Base on Balls
|
Batting: RHB Charlie O'Farrell
|
0-0: Ball 1-0: Foul Ball, location: 2F 1-1: SINGLE (Groundball, 6M) (infield hit) Arturo Jiménez to second
|
Batting: SHB Alan Garland
|
0-0: Called Strike 0-1: Called Strike 0-2: Ball 1-2: Strikes out swinging
|
Batting: SHB Cristián López
|
0-0: Ball 1-0: Foul Ball, location: 2F 1-1: Foul Ball, location: 2F 1-2: Strikes out swinging
|
Top of the 7th over - 0 run(s), 1 hit(s), 0 error(s), 2 left on base; Detroit 0 - Athens 2 |
BOTTOM OF THE 7TH |
Athens Assassins batting - Pitching for Detroit Dirty Snow : LHP Marcos Ortíz
|
Batting: RHB Jorge Loanos
|
0-0: Foul Ball, location: 2F 0-1: Called Strike 0-2: Ball 1-2: Ball 2-2: Strikes out looking
|
Batting: RHB James Anderson
|
0-0: Ball 1-0: Swinging Strike 1-1: Foul Ball, location: 2F 1-2: Strikes out looking
|
Batting: RHB Randall Walker
|
0-0: Swinging Strike 0-1: Ball 1-1: Ball 2-1: Foul Ball, location: 2F 2-2: Foul Ball, location: 2F 2-2: Foul Ball, location: 2F 2-2: Ball 3-2: Base on Balls
|
Batting: LHB Milo Glenn
|
0-0: Ball 1-0: Called Strike 1-1: Ball 2-1: Ball 3-1: Foul Ball, location: 2F 3-2: Strikes out swinging
|
Bottom of the 7th over - 0 run(s), 0 hit(s), 0 error(s), 1 left on base; Detroit 0 - Athens 2 |
TOP OF THE 8TH |
Detroit Dirty Snow batting - Pitching for Athens Assassins : LHP António Yan
|
Batting: RHB Carlos Salas
|
0-0: Ball 1-0: Ball 2-0: Ball 3-0: Called Strike 3-1: Swinging Strike 3-2: Foul Ball, location: 2F 3-2: Foul Ball, location: 2F 3-2: Strikes out swinging
|
Batting: RHB Phil Wright
|
0-0: Ball 1-0: Swinging Strike 1-1: Swinging Strike 1-2: Foul Ball, location: 2F 1-2: Strikes out swinging
|
Batting: RHB Cristo Souza
|
0-0: Foul Ball, location: 2F 0-1: Ball 1-1: Swinging Strike 1-2: Ball 2-2: Strikes out swinging
|
Top of the 8th over - 0 run(s), 0 hit(s), 0 error(s), 0 left on base; Detroit 0 - Athens 2 |
BOTTOM OF THE 8TH |
Athens Assassins batting - Pitching for Detroit Dirty Snow : LHP Marcos Ortíz
|
Batting: RHB Roderick Silva
|
0-0: Swinging Strike 0-1: Ball 1-1: Foul Ball, location: 2F 1-2: DOUBLE (Line Drive, 89D)
|
Batting: RHB Foster Hapgood
|
0-0: SINGLE (Groundball, 34) (infield hit) Roderick Silva to third
|
Pinch Hitting: SHB José Estreito
|
0-0: Called Strike 0-1: Called Strike 0-2: Ball 1-2: Ball 2-2: Strikes out swinging
|
Batting: RHB Emílio García
|
0-0: Called Strike 0-1: Ball 1-1: Ground out 5-3 (Groundball, 56) Foster Hapgood to second
|
Pinch Hitting: RHB George Arnold
|
0-0: Called Strike 0-1: SINGLE (Groundball, 6D) Roderick Silva scores Foster Hapgood to third Runner from 3rd tries for Home, SAFE, no throw
|
Pitching: RHP César Villanueva
|
|
Batting: RHB Jorge Loanos
|
0-0: Ball George Arnold is caught stealing 2nd base
|
Bottom of the 8th over - 2 run(s), 3 hit(s), 0 error(s), 0 left on base; Detroit 0 - Athens 4 |
TOP OF THE 9TH |
Detroit Dirty Snow batting - Pitching for Athens Assassins : LHP António Yan
|
Now at SS: José Estreito
|
|
Now in LF: Alexander Barr
|
|
Batting: LHB Eric Powell
|
0-0: Called Strike 0-1: Ball 1-1: Ball 2-1: Foul Ball, location: 2F 2-2: Ground out 4-3 (Groundball, 4)
|
Batting: RHB Carlos Rocha
|
0-0: Called Strike 0-1: Fly out, F8 (Flyball, 8RM)
|
Pitching: LHP Mario López
|
|
Batting: RHB Arturo Jiménez
|
0-0: Called Strike 0-1: Ball 1-1: Ball 2-1: Called Strike 2-2: Foul Ball, location: 2F 2-2: Ball 3-2: Foul Ball, location: 2F 3-2: Strikes out looking
|
Top of the 9th over - 0 run(s), 0 hit(s), 0 error(s), 0 left on base; Detroit 0 - Athens 4 |
|